AoeStats
← Secutor

Black Forest

506468954Analyzed
4v4 RM · 18d ago on Sep 13, 2026· 84m 31s· 8 players
Game mode
Random Map
Map size
Large (8 player)
Population
200
Speed
Normal
Resources
Standard
Victory
Conquest
Starting age
Dark Age
Ending age
Imperial Age
RankedLock teamsTeams togetherTeam positionsShared explorationLock speedFull tech treeHidden civsTurbo modeCheats
Victory
Defeat
🇪🇸 Vietnamese · Spain
917
+15
🇪🇸 Teutons · Spain
907
+15
🇪🇸 Bohemians · Spain
898
+16
🇪🇸 Portuguese · Spain
884
+16
🇺🇸 Chinese · United States
926
-17
🇳🇿 Burmese · New Zealand
925
-17
🇩🇪 Hindustanis · Germany
855
-14
🇨🇱 Persians · Chile
847
-14
Secutor
0:29 Loom
13:20 Feudal Age
22:08 Castle Age
19:54 Town Watch
20:38 Double-Bit Axe
20:37 Horse Collar
22:56 Wheelbarrow
25:26 Fletching
24:59 Crossbowman
27:31 Padded Archer Armor
30:20 Gold Mining
30:21 Stone Mining
30:37 Heavy Plow
35:16 Caravan
37:10 Ballistics
37:10 Masonry
36:51 Guard Tower
41:40 Imperial Age
39:26 Hand Cart
39:11 Town Patrol
38:54 Pikeman
38:54 Man-at-Arms
39:54 Forging
39:44 Scale Mail Armor
39:50 Scale Barding Armor
41:05 Murder Holes
43:41 Chemistry
43:18 Keep
45:02 Bombard Tower
44:06 Halberdier
46:18 Elite Skirmisher
52:34 Iron Casting
52:14 Chain Mail Armor
64:26 Stone Shaft Mining
69:21 Husbandry
69:37 Light Cavalry
70:29 Bloodlines
Kingyobachi
6:43 Loom
13:09 Feudal Age
13:58 Double-Bit Axe
14:04 Gold Mining
13:55 Horse Collar
17:20 Wheelbarrow
21:41 Castle Age
20:29 Fletching
23:29 Hand Cart
23:25 Bow Saw
23:08 Stone Mining
23:19 Heavy Plow
24:46 Stone Shaft Mining
31:20 Imperial Age
29:15 Caravan
30:11 Bodkin Arrow
30:17 Padded Archer Armor
30:40 Ballistics
30:01 Treadmill Crane
29:50 Crossbowman
32:05 Padded Archer Armor
32:17 Scale Barding Armor
32:23 Forging
32:13 Scale Mail Armor
33:22 Two-Man Saw
33:38 Chemistry
34:22 Coinage
34:15 Paper Money
34:32 Hoardings
33:59 Pikeman
34:39 Squires
34:47 Thumb Ring
35:06 Halberdier
36:23 Arson
36:44 Bracer
36:59 Leather Archer Armor
36:55 Forging
36:45 Scale Mail Armor
38:01 Scale Mail Armor
38:32 Ring Archer Armor
38:31 Arbalester
39:31 Elite Skirmisher
40:54 Heavy Cavalry Archer
46:04 Iron Casting
45:44 Chain Mail Armor
45:50 Chain Barding Armor
46:55 Imperial Skirmisher
47:27 Elite Fire Lancer
56:59 Plate Mail Armor
57:05 Plate Barding Armor
79:06 Banking
Dani-El
1:19 Loom
12:21 Feudal Age
15:17 Double-Bit Axe
17:51 Castle Age
16:23 Horse Collar
18:24 Wheelbarrow
18:57 Bow Saw
18:49 Heavy Plow
19:53 Stone Mining
21:10 Stone Shaft Mining
21:55 Gold Mining
27:21 Town Watch
29:24 Hand Cart
29:53 Ironclad
29:26 Fletching
29:38 Scale Mail Armor
31:21 Forging
31:41 Town Patrol
33:23 Ballistics
34:06 Bodkin Arrow
34:47 Iron Casting
34:27 Chain Mail Armor
37:43 Imperial Age
35:36 Bloodlines
35:34 Squires
35:20 Gambesons
36:07 Man-at-Arms
36:32 Arson
36:54 Scale Barding Armor
37:13 Fervor
37:14 Redemption
37:25 Sanctity
38:16 Chain Barding Armor
38:31 Fortified Wall
38:31 Masonry
39:26 Chemistry
38:32 Siege Engineers
38:49 Conscription
39:39 Blast Furnace
38:05 Long Swordsman
38:07 Cavalier
40:07 Two-Man Saw
40:20 Plate Mail Armor
40:26 Plate Barding Armor
40:19 Block Printing
40:30 Illumination
40:40 Theocracy
39:58 Onager
41:19 Crop Rotation
42:11 Crenellations
41:19 Two-Handed Swordsman
42:10 Caravan
42:40 Coinage
42:26 Paladin
43:42 Two-Handed Swordsman
45:17 Pikeman
45:30 Elite Teutonic Knight
60:21 Hoardings
61:01 Capped Ram
68:02 Siege Onager
69:47 Bombard Tower
sandrusquids
13:39 Feudal Age
12:03 Loom
15:03 Wheelbarrow
21:59 Castle Age
20:20 Double-Bit Axe
20:18 Horse Collar
22:35 Wheelbarrow
24:12 Hand Cart
24:17 Bow Saw
25:29 Heavy Plow
32:31 Ballistics
33:12 Chemistry
32:09 Murder Holes
32:24 Masonry
31:58 Treadmill Crane
36:05 Imperial Age
33:31 Town Watch
33:53 Fletching
34:04 Padded Archer Armor
34:07 Scale Mail Armor
34:52 Bodkin Arrow
35:59 Town Patrol
36:29 Caravan
36:40 Squires
36:02 Pikeman
36:07 Man-at-Arms
38:08 Two-Man Saw
38:52 Hussite Reforms
38:57 Siege Engineers
39:46 Long Swordsman
39:49 Elite Skirmisher
40:53 Imperial Skirmisher
42:58 Atonement
43:08 Redemption
43:09 Fervor
43:16 Block Printing
43:27 Illumination
43:03 Devotion
45:14 Halberdier
51:30 Houfnice
54:02 Chain Mail Armor
56:10 Bracer
56:26 Leather Archer Armor
55:45 Elite Hussite Wagon
64:49 Guilds
65:10 Coinage
68:08 Banking
81:14 Wagenburg Tactics
81:22 Scale Barding Armor
81:48 Plate Mail Armor
81:29 Forging
81:56 Architecture
whythelongfaceimahorse
0:26 Loom
13:35 Feudal Age
15:23 Wheelbarrow
14:38 Double-Bit Axe
22:22 Castle Age
21:09 Horse Collar
24:09 Bow Saw
25:04 Fortified Wall
25:07 Masonry
25:36 Masonry
26:27 Heavy Plow
29:32 Gold Mining
30:38 Hand Cart
34:50 Imperial Age
32:42 Great Wall
33:32 Gold Shaft Mining
33:21 Ballistics
34:36 Fletching
34:49 Padded Archer Armor
35:11 Heavy Rocket Cart
36:56 Chemistry
36:22 Conscription
36:51 Rocketry
38:41 Two-Man Saw
38:49 Architecture
39:47 Elite Chu Ko Nu
40:25 Bodkin Arrow
40:45 Leather Archer Armor
42:47 Light Cavalry
43:37 Bloodlines
43:28 Husbandry
44:16 Bracer
44:46 Ring Archer Armor
45:15 Scale Barding Armor
45:36 Scale Mail Armor
49:53 Caravan
52:59 Chain Barding Armor
52:50 Forging
55:03 Town Watch
57:03 Plate Barding Armor
57:04 Iron Casting
61:19 Blast Furnace
60:18 Capped Ram
62:20 Town Patrol
62:58 Siege Ram
68:42 Chain Mail Armor
77:14 Cavalier
77:31 Man-at-Arms
78:12 Squires
77:57 Arson
78:30 Long Swordsman
78:49 Elite Fire Lancer
80:21 Two-Handed Swordsman
81:03 Champion
84:08 Plate Mail Armor
DE 2xN IS
13:52 Feudal Age
20:23 Castle Age
18:55 Double-Bit Axe
18:52 Horse Collar
23:22 Gold Mining
23:24 Stone Mining
26:58 Bow Saw
26:52 Heavy Plow
27:29 Gold Shaft Mining
27:38 Stone Shaft Mining
29:37 Scale Barding Armor
31:04 Husbandry
31:26 Chain Barding Armor
34:50 Imperial Age
32:09 Loom
32:59 Wheelbarrow
32:10 Town Watch
33:26 Town Patrol
33:31 Grand Trunk Road
33:38 Caravan
34:11 Hand Cart
34:45 Forging
35:06 Heavy Camel Rider
36:50 Two-Man Saw
36:38 Plate Barding Armor
36:38 Iron Casting
37:24 Conscription
37:46 Imperial Camel Rider
39:36 Blast Furnace
40:11 Chemistry
39:32 Ballistics
57:04 Man-at-Arms
57:31 Arson
57:47 Squires
57:50 Scale Mail Armor
57:45 Long Swordsman
59:10 Chain Mail Armor
58:21 Two-Handed Swordsman
61:36 Champion
70:24 Pikeman
simplegsb
10:35 Loom
13:42 Feudal Age
14:26 Man-at-Arms
19:57 Castle Age
19:33 Horse Collar
21:21 Scale Mail Armor
26:44 Forging
28:22 Scale Barding Armor
32:35 Imperial Age
32:20 Wheelbarrow
31:56 Heavy Plow
31:54 Gold Mining
31:56 Stone Mining
33:19 Iron Casting
35:55 Husbandry
36:05 Bloodlines
37:18 Hand Cart
39:04 Gold Shaft Mining
39:04 Crop Rotation
38:23 Long Swordsman
38:49 Gambesons
40:33 Chemistry
39:41 Padded Archer Armor
39:31 Fletching
42:16 Howdah
46:48 Elite Battle Elephant
50:22 Chain Mail Armor
50:31 Chain Barding Armor
60:31 Plate Barding Armor
61:18 Light Cavalry
62:24 Crossbowman
63:31 Parthian Tactics
63:31 Heavy Cavalry Archer
66:19 Elite Skirmisher
73:24 Light Cavalry
80:35 Light Cavalry
PREDA_JUANK
0:49 Loom
13:58 Feudal Age
18:58 Castle Age
18:43 Fletching
18:56 Padded Archer Armor
19:39 Wheelbarrow
19:02 Double-Bit Axe
24:34 Bow Saw
28:37 Horse Collar
30:45 Heavy Plow
34:06 Imperial Age
32:59 Scale Barding Armor
32:55 Scale Mail Armor
32:52 Bodkin Arrow
33:58 Heavy Scorpion
36:07 Chemistry
35:56 Gold Mining
37:51 Citadels
38:26 Leather Archer Armor
38:22 Forging
39:24 Two-Man Saw
40:59 Ballistics
43:29 Caravan
46:12 Elite War Elephant
48:29 Elite Skirmisher
52:51 Crop Rotation
78:50 Bloodlines
78:01 Light Cavalry
78:59 Hussar
Connection lost

Rejoining the realm…

Still unreachable

The connection could not be restored.

Session expired

The server has moved on; the page needs a fresh start.